 Dungeon Crawl Stone Soup version 0.29.1-debian-1-gc3f1650bb9 (webtiles) character file.

Game seed: 17468594147539081746

1071 kae the Firebug (level 8, 0/45 HPs)
             Began as a Deep Elf Fire Elementalist on Sept 12, 2022.
             Was an Initiate of Ru.
             Slain by a quokka (4 damage)
             ... summoned by Eustachio
             ... on level 4 of the Dungeon.
             The game lasted 00:04:17 (5287 turns).

kae the Firebug (Deep Elf Fire Elementalist)        Turns: 5287, Time: 00:04:18

Health: 0/45       AC:  2    Str:  5    XL:     8   Next: 7%
Magic:  16/18      EV: 17    Int: 23    God:    Ru [......]
Gold:   224        SH:  0    Dex: 19    Spells: 9/18 levels left

rFire   . . .      SeeInvis .   (no weapon)
rCold   . . .      Faith    .   (no shield)
rNeg    . . .      Spirit   .   a - +0 robe
rPois   .          Reflect  .   (no helmet)
rElec   .          Harm     .   (no cloak)
rCorr   .          Rampage  .   (no gloves)
Will    +....                   (no boots)
Stlth   ++........              (no amulet)
HPRegen 0.15/turn               E - +4 ring of evasion
MPRegen 0.16/turn               m - ring of Rierch {Will+ Dex+4}

@: lethally poisoned (0 -> -13)
A: no striking features
a: Renounce Religion


You were on level 4 of the Dungeon.
You worshipped Ru.
Ru was noncommittal.
You visited 1 branch of the dungeon, and saw 4 of its levels.

You collected 224 gold pieces.


   Skills:
 + Level 2.8 Fighting
 - Level 2.4 Dodging
 - Level 2.4 Stealth
 + Level 5.7 Spellcasting
 * Level 6.0 Conjurations
 * Level 6.9 Fire Magic


You had 9 spell levels left.
You knew the following spells:

 Your Spells              Type           Power      Damage    Failure   Level
a - Foxfire               Conj/Fire      100%       2x1d9     1%          1
b - Scorch                Fire           76%        2d8       1%          2
c - Kindle Blastsparks    Fire/Tloc/Air  34%        2d12      10%         3
d - Inner Flame           Hex/Fire       22%        N/A       6%          3

Your spell library contained the following spells:

 Spells                   Type           Power      Damage    Failure   Level
 Flame Wave               Conj/Fire      36%        2d10      6%          4
 Beastly Appendage        Tmut           12%        N/A       9%          1
 Wereblood                Tmut           6%         N/A       13%         2
 Confusing Touch          Hex            6%         N/A       26%         3
 Spider Form              Tmut/Pois      6%         N/A       26%         3
 Yara's Violent Unravell  Hex/Tmut       3%         3d4       94%         5
 Enfeeble                 Hex            3%         N/A       100%        7

Inventory:

Missiles
 e - 2 poisoned darts
 f - 64 stones
 i - a boomerang
Armour
 a - a +0 robe (worn)
Jewellery
 m - the ring of Rierch (right hand) {Will+ Dex+4}
   (You took it off an orc on level 3 of the Dungeon)

   [ring of willpower]

   Dex:       It affects your dexterity (+4).
   Will:      It increases your willpower.
 E - a +4 ring of evasion (left hand)
   (You found it on level 1 of the Dungeon)
Scrolls
 d - 2 scrolls of enchant armour
 g - a scroll of identify {@r1}
 k - 2 scrolls of vulnerability {!r!r}
 p - a scroll of blinking {unknown}
 q - a scroll of teleportation {unknown}
Potions
 c - 2 potions of flight
 h - a potion of resistance
 j - a potion of mutation {!q}
 l - a potion of attraction {unknown}
 o - a potion of curing {@q1}

Dungeon Overview and Level Annotations

Branches:
Dungeon (4/15) Zot: 18712
 Temple: D:4-7

Altars:
Ru
Sif Muna
The Shining One

Annotations:
D:4 Eustachio

#...........# ##....
#..........## #.....
##..........# ##.....
#...........# #......
##..........# #......
##....###..###......
######### #..##.......
#...r5b####..##......)
#ยงr@@r......##.v.....
###########..........
###........ ##.......
#.###### #.# #.# #.#
...


You could see Eustachio (combustible), an iron imp (summoned), 2 river rats, a
quokka (summoned) and a bat (summoned).


Message History

You take 14 damage, and now have 31/45 hp.
MASSIVE DAMAGE!! (PAUSE)
Casting: Foxfire (safe; 1% risk of failure)
Confirm with . or Enter, or press ? or * to list all spells.
You conjure some foxfire!
The foxfire hits Eustachio. ๐Ÿ˜ฎ MP[-1]
You lost 1 mp, and now have 11/18 mp.
Casting: Foxfire (safe; 1% risk of failure)
Confirm with . or Enter, or press ? or * to list all spells.
You conjure some foxfire!
The foxfire hits Eustachio!
The foxfire hits Eustachio but does no damage. ๐Ÿ˜ฎ HP[+1] MP[-1]
You lost 1 mp, and now have 10/18 mp.
Casting: Foxfire (safe; 1% risk of failure)
Confirm with . or Enter, or press ? or * to list all spells.
You conjure some foxfire!
The foxfire hits Eustachio.
The foxfire hits Eustachio.
The foxfire hits Eustachio but does no damage.
Casting: Foxfire (safe; 1% risk of failure)
Confirm with . or Enter, or press ? or * to list all spells.
Flames lash Eustachio.
Eustachio's fire resistance burns away.
Eustachio hits you with a +1 rapier of venom!
You are poisoned. ๐Ÿ˜ฎ HP[-8] MP[-2]
You take 8 damage, and now have 24/45 hp.
You lost 2 mp, and now have 8/18 mp.
Casting: Scorch (safe; 1% risk of failure)
Confirm with . or Enter, or press ? or * to list all spells.
Flames lash Eustachio.
Eustachio is burned terribly!
You feel very sick.
Eustachio gestures wildly while chanting.
Eustachio blinks!
You feel very sick. ๐Ÿ˜จ HP[-7] MP[-2]
You take 7 damage, and now have 17/45 hp.
You lost 2 mp, and now have 6/18 mp.
Unknown command.
Casting: Scorch (safe; 1% risk of failure)
Confirm with . or Enter, or press ? or * to list all spells.
Flames lash Eustachio.
Eustachio is burned terribly!
You feel very sick.
You feel sick.
Eustachio casts a spell. ๐Ÿ˜จ HP[-4] MP[-1]
You take 4 damage, and now have 13/45 hp.
You lost 1 mp, and now have 5/18 mp.
Casting: Scorch (safe; 1% risk of failure)
Confirm with . or Enter, or press ? or * to list all spells.
Flames lash the bat.
You kill the bat!
The bat's corpse disappears in a puff of smoke!
You feel sick.
Eustachio hits you with a +1 rapier of venom!
* * * LOW HITPOINT WARNING * * *
You are more poisoned.
The river rat closely misses you.
* * * LOW HITPOINT WARNING * * *
You feel very sick. The river rat closely misses you.
Eustachio mumbles some strange words. ๐Ÿ˜ฑ HP[-12] MP[-2]
You take 12 damage, and now have 1/45 hp.
MASSIVE DAMAGE!! (PAUSE)
You lost 2 mp, and now have 3/18 mp.
You feel much better.
You feel very sick. The bat closely misses you.
Eustachio hits you with a +1 rapier of venom.
* * * LOW HITPOINT WARNING * * *
You are lethally poisoned!
The river rat barely misses you. ๐Ÿ˜จ HP[+15]
You regained 15 hp, and now have 16/45 hp.
Okay, then.
You aren't carrying any items that you can evoke.
Unknown command.
Magic courses through your body.
* * * LOW HITPOINT WARNING * * *
You feel very sick. The bat closely misses you.
Eustachio gestures wildly while chanting.
The river rat completely misses you. ๐Ÿ˜ฑ HP[-5] MP[+15]
You take 5 damage, and now have 11/45 hp.
Your mp is fully restored (18).
Casting: Scorch (safe; 1% risk of failure)
Confirm with . or Enter, or press ? or * to list all spells.
Flames lash the ufetubus.
The ufetubus is burned terribly!
You kill the ufetubus!
The ufetubus disappears in a puff of smoke!
* * * LOW HITPOINT WARNING * * *
You feel very sick. The bat misses you. The quokka barely misses you.
Eustachio gestures wildly while chanting.
The river rat misses you.
* * * LOW HITPOINT WARNING * * *
You feel very sick. The quokka bites you.
You die...

Skill      XL: |  1  2  3  4  5  6  7 |
---------------+----------------------+-----
Conjurations   | 2 3 4 6 |  6.0
Fire Magic     | 4 5 6 |  6.9
Fighting       | 1 2 |  2.8
Spellcasting   | 4 5 |  5.7
Dodging        | |  2.4
Stealth        | |  2.4

Action                   |  1- 3 |  4- 6 |  7- 9 || total
-------------------------+-------+-------+-------++-------
Melee: Unarmed           |       |     9 |       ||     9
 Cast: Foxfire           |    76 |    47 |    26 ||   149
       Scorch            |     6 |    32 |    15 ||    53
       Kindle Blastspark |       |       |     6 ||     6
  Use: Scroll            |     6 |     6 |       ||    12
       Potion            |       |       |     2 ||     2
Armor: Robe              |       |     3 |     2 ||     5
Dodge: Dodged            |    23 |    50 |    28 ||   101

Levels and vault maps discovered:
D:1:      psy_arrival_dodecagon, layout_basic
D:2:      layout_loops_ring, basic_altar
D:3:      layout_loops_corners, mainiacjoe_overflow_paths,
          hellmonk_ecumenical_altar_crossroads, grunt_decor_mini_mirrors,
          uniq_robin, uniq_sigmund
D:4:      layout_cave_pods, tso_oasis_becter, uniq_pikel, uniq_menkaure,
          uniq_eustachio

Notes
Turn   | Place    | Note
-------+----------+-------------------------------------------
     0 | D:1      | kae the Deep Elf Fire Elementalist began the quest for the
                  | Orb.
     0 | D:1      | Reached XP level 1. HP: 10/10 MP: 6/6
     0 | D:1      | magus.rc [v1.11.3]
   199 | D:1      | You pick up a book of Misfortune and begin reading...
   199 | D:1      | You add the spells Confusing Touch, Yara's Violent
                  | Unravelling and Enfeeble to your library.
   246 | D:1      | Reached XP level 2. HP: 15/15 MP: 5/8
   283 | D:1      | You pick up a book of Changes and begin reading...
   283 | D:1      | You add the spells Beastly Appendage, Wereblood and Spider
                  | Form to your library.
   637 | D:1      | Learned a level 2 spell: Scorch
  1310 | D:2      | Reached skill level 2 in Conjurations
  1310 | D:2      | Reached XP level 3. HP: 20/20 MP: 4/9
  1494 | D:2      | Reached skill level 4 in Fire Magic
  1526 | D:2      | Identified the +0 chain mail of Youthful Indiscretion
                  | {Rampage rC+++ Will- Dex-5}
  1591 | D:2      | Found a shimmering blue altar of Sif Muna.
  1764 | D:2      | Reached skill level 1 in Fighting
  2057 | D:2      | Learned a level 3 spell: Kindle Blastsparks
  2061 | D:2      | Learned a level 3 spell: Inner Flame
  2385 | D:3      | Reached XP level 4. HP: 21/25 MP: 1/11
  2652 | D:3      | Noticed Robin
  2657 | D:3      | Killed Robin
  2891 | D:3      | Noticed Sigmund
  2896 | D:3      | Killed Sigmund
  2897 | D:3      | Reached skill level 4 in Spellcasting
  2897 | D:3      | Reached skill level 3 in Conjurations
  2897 | D:3      | Reached skill level 5 in Fire Magic
  2897 | D:3      | Reached XP level 5. HP: 15/29 MP: 3/13
  3049 | D:3      | Found a faded altar of an unknown god.
  3067 | D:3      | Reached XP level 6. HP: 28/34 MP: 9/14
  3235 | D:3      | Reached skill level 4 in Conjurations
  3497 | D:3      | Identified the ring of Rierch {Will+ Dex+4}
  3511 | D:3      | Found a sacrificial altar of Ru.
  3951 | D:3      | Reached skill level 2 in Fighting
  4148 | D:3      | Became a worshipper of Ru the Awakened
  4234 | D:4      | Reached XP level 7. HP: 15/40 MP: 8/16
  4627 | D:4      | Reached skill level 6 in Fire Magic
  4641 | D:4      | Reached skill level 5 in Spellcasting
  4641 | D:4      | Reached skill level 5 in Conjurations
  4713 | D:4      | Found a glowing golden altar of the Shining One.
  4975 | D:4      | Noticed Pikel
  5006 | D:4      | Killed Pikel
  5006 | D:4      | HP: 7/40 [shot self (11)]
  5007 | D:4      | Reached skill level 6 in Conjurations
  5007 | D:4      | Reached XP level 8. HP: 8/45 MP: 4/18
  5255 | D:4      | Noticed Eustachio
  5282 | D:4      | HP: 5/45 [Eustachio/+1 rapier of venom (7)]
  5283 | D:4      | HP: 1/45 [poisoned by Eustachio]
  5287 | D:4      | Slain by a quokka

Vanquished Creatures
  Pikel (D:4)
  Sigmund (D:3)
  2 black bears
  2 lemures (D:4)
  2 hounds (D:4)
  2 orc priests (D:3)
  Robin (D:3)
  5 adders
  An ufetubus (D:4)
  4 worms
  9 orcs (D:3)
  3 bats (D:2)
  4 endoplasms
  4 giant cockroaches
  13 goblins
  8 hobgoblins
  8 kobolds
  5 quokkas
  9 ball pythons
  5 frilled lizards
  2 rats (D:1)
91 creatures vanquished.

Vanquished Creatures (others)
  257 foxfires
  A plant (D:4)
258 creatures vanquished.

Grand Total: 349 creatures vanquished

Table legend:
 A = Non-vault XP
 B = Vault XP
 C = Vault XP percentage of total XP
 D = Non-vault monster count
 E = Vault monster count
 F = Vault count percentage of total count
                 A         B        C        D         E       F
            +---------+---------+-------+---------+---------+-------
      Total |     641 |     890 |  58.1 |      78 |      11 |  12.4
            +---------+---------+-------+---------+---------+-------
        D:1 |      29 |       0 |   0.0 |      18 |       0 |   0.0
        D:2 |      60 |       0 |   0.0 |      20 |       0 |   0.0
        D:3 |     303 |     261 |  46.3 |      31 |      10 |  24.4
        D:4 |     249 |     629 |  71.6 |       9 |       1 |  10.0
            +---------+---------+-------+---------+---------+-------

Illustrated notes

Table legend:
 A = Kills in this place as a percentage of kills in entire the game.
 B = Kills by you in this place as a percentage of kills by you in the entire game.
 C = Kills by friends in this place as a percentage of kills by friends in the entire game.
 D = Other kills in this place as a percentage of other kills in the entire game.
 E = Experience gained in this place as a percentage of experience gained in the entire game.
 F = Experience gained in this place divided by the number of levels of this place that you have seen.
                   A       B       C       D       E      F
               +-------+-------+-------+-------+-------+----------------------
         Total | 100.0 | 100.0 |   N/A |   N/A | 100.0 | 382.8
       Dungeon | 100.0 | 100.0 |   N/A |   N/A | 100.0 | 382.8
               +-------+-------+-------+-------+-------+----------------------

Table legend: (Time is in decaauts)
 A = Elapsed time spent in this place.
 B = Non-inter-level travel time spent in this place.
 C = Inter-level travel time spent in this place.
 D = Time resting spent in this place.
 E = Time spent auto-exploring this place.
 F = Levels seen in this place.
 G = Mean time per level.
                   A        B        C        D        E       F      G
               +--------+--------+--------+--------+--------+-----+--------+
         Total |   5286 |   4995 |    291 |    160 |   4154 |   4 | 1321.5 |
       Dungeon |   5286 |   4995 |    291 |    160 |   4154 |   4 | 1321.5 |
               +--------+--------+--------+--------+--------+-----+--------+

Top non-repeatable levels by time:
     D:3: 2162 daAuts
     D:1: 1284 daAuts
     D:2: 979 daAuts
     D:4: 859 daAuts
